 Dungeon Crawl Stone Soup version 0.26.0-45-g9c1d065592 (webtiles) character file.

Game seed: 2509725791799720180

16331 hawla the Destroyer (level 12, -1/83 HPs)
             Began as a Black Draconian Conjurer on Jan 29, 2021.
             Was an Elder of Vehumet.
             Slain by an orc knight
             ... wielding a +0 long sword
              (17 damage)
             ... on level 10 of the Dungeon.
             The game lasted 00:55:38 (19491 turns).

hawla the Destroyer (Black Draconian Conjurer)     Turns: 19491, Time: 00:55:39

Health: -1/83      AC: 13    Str:  9    XL:     12   Next: 9%
Magic:  12/27      EV: 12    Int: 20    God:    Vehumet [****..]
Gold:   318        SH:  5    Dex: 12    Spells: 5/34 levels left

rFire    . . .     SeeInvis .   q - +3 quarterstaff (drain)
rCold    . . .     Faith    .   (shield currently unavailable)
rNeg     + . .     Spirit   .   (armour unavailable)
rPois    +         Reflect  +   (helmet restricted)
rElec    +         Harm     .   v - +1 cloak
rCorr    .         Rampage  .   (no gloves)
Will     .....     Rnd*Tele +   b - +2 pair of boots
Stlth    ++........             B - amulet "Caanadd" {Reflect rPois SH+5}
HPRegen  0.23/turn              r - ring of positive energy
MPRegen  0.20/turn              (no ring)

@: about to teleport, marked
A: breathe lightning, unfitting armour, stinger 1, agile 1, dopey 1, electricity
resistance, teleportitis 1, weak 1, cold-blooded, AC +8
a: Breathe Lightning, Renounce Religion


You were on level 10 of the Dungeon.
You worshipped Vehumet.
Vehumet was greatly pleased with you.
You visited 2 branches of the dungeon, and saw 11 of its levels.
You also visited: Bailey.

You collected 867 gold pieces.
You spent 549 gold pieces at shops.

Inventory:

Hand Weapons
 q - a +3 quarterstaff of draining (weapon)
 z - the +6 whip "Biosm" {pain, rC+ Dex+3 Stlth+}
   (You found it on level 6 of the Dungeon)

   In the hands of one skilled in necromantic magic, it inflicts extra damage on
   living creatures.
   It affects your dexterity (+3).
   It protects you from cold.
   It makes you more stealthy.
Missiles
 c - 6 javelins
 j - 16 poisoned darts
 o - 27 boomerangs (quivered)
 p - 6 silver javelins
 u - 4 curare-tipped darts
Armour
 b - a +2 pair of boots (worn)
 v - a +1 cloak (worn)
 A - a +0 kite shield
Jewellery
 e - an uncursed ring of ice
 r - a ring of positive energy (left hand)
 B - the amulet "Caanadd" (around neck) {Reflect rPois SH+5}
   (You bought it in a shop on level 7 of the Dungeon)

   [amulet of reflection]

   It shields you and reflects attacks.
   It protects you from poison.
   It affects your SH (+5).
Wands
 a - a wand of acid (7)
 h - a wand of flame (19)
 s - a wand of disintegration (4)
 w - a wand of iceblast (6)
 y - a wand of digging (1)
Scrolls
 d - 5 scrolls of remove curse
 f - a scroll of enchant weapon
 l - 3 scrolls of identify
 n - 5 scrolls of fog
Potions
 g - 3 potions of ambrosia
 k - a potion of magic
 m - 2 potions of curing
 t - 3 potions of haste


   Skills:
 - Level 1.0 Fighting
 - Level 4.0 Staves
 - Level 1.0 Throwing
 - Level 1.7 Dodging
 - Level 1.7 Stealth
 + Level 1.7 Shields
 + Level 11.5 Spellcasting
 - Level 12.0 Conjurations
 - Level 2.0 Translocations
 - Level 2.0 Transmutations
 - Level 3.0 Ice Magic
 + Level 9.5 Air Magic


You had 5 spell levels left.
You knew the following spells:

 Your Spells              Type           Power        Failure   Level
a - Magic Dart            Conj           100%         1%          1
b - Searing Ray           Conj           100%         1%          2
c - Iskenderun's Mystic   Conj/Tloc      39%          1%          4
d - Freeze                Ice            92%          1%          1
e - Static Discharge      Conj/Air       53%          1%          3
f - Airstrike             Air            24%          1%          4
g - Hailstorm             Conj/Ice       41%          1%          4
h - Irradiate             Conj/Tmut      19%          2%          5
i - Iskenderun's Battles  Conj           56%          1%          5

Your spell library contained the following spells:

 Spells                   Type           Power        Failure   Level
 Conjure Ball Lightning   Conj/Air       26%          3%          6
 Shock                    Conj/Air       100%         1%          1
 Swiftness                Air            49%          1%          2
 Dazzling Flash           Conj/Hex       70%          1%          3
 Fulminant Prism          Conj/Hex       17%          1%          4
 Lightning Bolt           Conj/Air       26%          1%          5
 Wereblood                Tmut           19%          4%          2
 Passwall                 Tmut/Erth      12%          6%          2
 Bolt of Magma            Conj/Fire/Erth 13%          9%          5
 Alistair's Intoxication  Tmut/Pois      10%          73%         5
 Orb of Destruction       Conj           28%          11%         7
 Iron Shot                Conj/Erth      17%          21%         6
 Spellforged Servitor     Conj/Summ      17%          69%         7


Dungeon Overview and Level Annotations

Branches:
Dungeon (10/15)            Temple (1/1) D:6            Lair (0/6) D:10
    Orc (0/2) D:10         Bailey (visited)

Altars:
Ashenzari
Cheibriados
Dithmenos
Elyvilon
Fedhas
Gozag
Hepliaklqana
Kikubaaqudgha
Makhleb
Nemelex Xobeh
Okawaru
Qazlal
Ru
Sif Muna
Trog
Uskayaw
Vehumet
Wu Jian
Xom
Yredelemnul
Zin
The Shining One

Shops:
D:7 =   D:10 !

Annotations:
D:5 2 runed translucent doors, Dillybarz's ghost, amateur DDFi
D:8 2 transporters, thiole's ghost, novice OpFi
D:10 Harold


Innate Abilities, Weirdness & Mutations

You can breathe wild blasts of lightning.
Your glossy black scales are hard. (AC +8)
You cannot fit into any form of body armour.
You are resistant to electric shocks. (rElec)
You are cold-blooded and may be slowed by cold attacks.
Your tail ends in a poisonous barb.
You are agile. (Dex +2)
You are dopey. (Int -2)
You are occasionally teleported next to monsters.
You are weak. (Str -2)


Message History

Harold is nearby!
There is a stone staircase leading down here.
Harold fires a harpoon shot at you. The harpoon shot hits you!
You stop descending the stairs.
You are yanked forward by the harpoon shot.
Harold fires a harpoon shot at you. The harpoon shot hits you.
You are yanked forward by the harpoon shot.
Harold hits you from afar with a +0 vampiric glaive!
* * * LOW HITPOINT WARNING * * *
Harold draws strength from your wounds!
As you read the scroll of teleportation, it crumbles to dust.
You feel strangely unstable.
Harold hits you from afar with a +0 vampiric glaive!
* * * LOW HITPOINT WARNING * * *
Harold draws strength from your wounds!
You feel better. You block Harold's attack.
The orc knight hits you with a +0 long sword!
You die...

≈≈≈≈≈≈.........##########.#....#
≈≈≈≈≈≈≈≈..≈..........[###.#....#
≈≈≈≈≈≈≈≈.≈≈≈.......#..'...'....##
≈≈≈≈≈≈≈≈≈≈≈≈..........#...#......
.≈≈.≈.≈≈≈≈≈≈≈.........#...#.....#
≈....≈.≈≈≈≈≈≈.......#.#####.....#
..>.................#....[......#
≈....≈≈≈≈≈≈≈......>....).........
..≈...≈≈≈≈......@o####o....######
≈≈..≈≈≈≈≈≈≈≈≈.....# #.....#
≈≈≈≈≈≈≈≈≈≈≈≈.....@# #.....#
≈≈≈≈≈≈..≈≈........# #..#..#
≈.≈.......≈.......# #....@#
...≈..............# #.....#
..'...........#...# #.....#
#.#...........#...# #.##..#
..#...........#...####.##..#


You could see Harold and an orc knight.

Vanquished Creatures
  Erica (D:10)
  2 two-headed ogres
  An unseen horror (D:10)
  4 lindwurms (D:9)
  Pikel (D:9)
  An orc knight (D:10)
  Joseph (D:7)
  Maggie (D:6)
  A hornet (D:7)
  2 trolls
  Grinder (D:6)
  Prince Ribbit (D:6)
  2 shadows (D:10)
  A wyvern (D:8)
  Grum (D:8)
  10 yaks
  Edmund (D:4)
  A two-headed ogre zombie (D:10)
  A water moccasin (D:6)
  2 ice beasts
  10 orc warriors
  5 sky beasts
  A black bear (D:10)
  10 ogres
  A necrophage (D:8)
  9 wolves
  4 centaurs
  2 phantoms (D:10)
  2 big kobolds
  5 bullfrogs
  3 scorpions
  A wyvern skeleton (D:7)
  2 troll zombies (D:10)
  2 howler monkeys
  12 wights
  2 electric eels (D:10)
  A crimson imp (D:5)
  A centaur zombie (D:5)
  An orc priest (D:9)
  A jelly (D:10)
  3 orc wizards
  4 bullfrog skeletons
  7 hounds
  3 centaur skeletons
  Crazy Yiuf (D:7)
  3 iguanas
  15 worker ants
  A killer bee zombie (D:7)
  5 ogre zombies (D:10)
  A hound zombie (D:7)
  A hound skeleton (D:4)
  A howler monkey zombie (D:8)
  A worker ant zombie (D:7)
  17 gnolls
  10 adders
  5 shadow imps
  A white imp (D:7)
  2 ufetubi
  An adder skeleton (D:6)
  An adder zombie (D:7)
  3 worms
  A dart slug (D:3)
  2 leopard geckos
  52 orcs
  2 ball pythons
  5 bats
  9 giant cockroaches
  31 goblins
  24 hobgoblins
  24 jackals
  2 quokkas
  3 frilled lizards
  5 goblin zombies (D:10)
  5 hobgoblin zombies (D:10)
  18 kobolds
  15 orc zombies (D:10)
  A quokka skeleton (D:8)
  11 rats
  A spectral orc (D:6)
408 creatures vanquished.

Notes
Turn   | Place    | Note
-------+----------+-------------------------------------------
     0 | D:1      | hawla the Draconian Conjurer began the quest for the Orb.
     0 | D:1      | Reached XP level 1. HP: 14/14 MP: 3/3
   306 | D:1      | Reached XP level 2. HP: 22/22 MP: 0/5
   309 | D:1      | Learned a level 2 spell: Searing Ray
   414 | D:1      | Reached skill level 1 in Fighting
   928 | D:1      | Reached XP level 3. HP: 28/28 MP: 3/6
  1070 | D:1      | Gained mutation: You are agile. (Dex +2) [potion of
                  | mutation]
  1070 | D:1      | Gained mutation: You are weak. (Str -2) [potion of
                  | mutation]
  1070 | D:1      | Gained mutation: Your tail ends in a poisonous barb.
                  | [potion of mutation]
  2542 | D:3      | Reached XP level 4. HP: 30/35 MP: 1/8
  2548 | D:3      | Learned a level 4 spell: Iskenderun's Mystic Blast
  3085 | D:3      | Reached skill level 5 in Conjurations
  3085 | D:3      | Reached skill level 1 in Translocations
  3416 | D:3      | Reached XP level 5. HP: 40/40 MP: 6/10
  3549 | D:4      | Noticed an ogre
  4423 | D:3      | Reached XP level 6. HP: 47/47 MP: 7/12
  4599 | D:4      | Reached skill level 1 in Throwing
  4697 | D:4      | Reached skill level 6 in Conjurations
  4779 | D:4      | You fall into a shaft and drop 1 floor!
  4779 | D:5      | Entered Level 5 of the Dungeon
  4891 | D:5      | Found a burning altar of Makhleb.
  4895 | D:5      | Your scales start taking on a glossy black colour.
  4895 | D:5      | Reached XP level 7. HP: 52/52 MP: 8/14
  4895 | D:5      | Gained mutation: You are resistant to electric shocks.
                  | (rElec) [Black Draconian growth]
  4935 | D:5      | Found a shimmering altar of Xom.
  5016 | D:4      | Reached skill level 5 in Spellcasting
  5644 | D:4      | Noticed Edmund
  5644 | D:4      | You fall into a shaft and drop 1 floor!
  5757 | D:5      | Found a hazy altar of Hepliaklqana.
  5923 | D:4      | Killed Edmund
  5924 | D:4      | Reached skill level 7 in Conjurations
  6396 | D:5      | Found a blossoming altar of Fedhas.
  6534 | D:5      | Reached XP level 8. HP: 59/59 MP: 11/17
  7011 | D:5      | Found a large runed translucent door.
  7011 | D:5      | Found a large runed translucent door.
  7013 | D:5      | Noticed Dillybarz's ghost (amateur DDFi)
  7106 | D:5      | Found a sacrificial altar of Ru.
  7221 | D:6      | Noticed Prince Ribbit
  7231 | D:6      | Killed Prince Ribbit
  7232 | D:6      | Reached skill level 8 in Conjurations
  7524 | D:6      | Found a staircase to the Ecumenical Temple.
  7737 | D:6      | Noticed Grinder
  7745 | D:6      | Killed Grinder
  7748 | D:6      | Lost mutation: Your tail ends in a poisonous barb. [potion
                  | of mutation]
  7748 | D:6      | Lost mutation: You are agile. (Dex +2) [potion of mutation]
  7748 | D:6      | Gained mutation: You are agile. (Dex +2) [potion of
                  | mutation]
  7748 | D:6      | Gained mutation: You are occasionally teleported next to
                  | monsters. [potion of mutation]
  7748 | D:6      | Gained mutation: You are dopey. (Int -2) [potion of
                  | mutation]
  7748 | D:6      | Gained mutation: Your tail ends in a poisonous barb.
                  | [potion of mutation]
  7824 | D:6      | Got a jewelled whip
  7824 | D:6      | Identified the +6 whip "Biosm" {pain, rC+ Dex+3 Stlth+}
                  | (You found it on level 6 of the Dungeon)
  7857 | D:6      | Reached skill level 9 in Conjurations
  7859 | D:6      | Noticed Maggie
  7860 | D:6      | Reached XP level 9. HP: 47/64 MP: 0/20
  7987 | D:6      | Found a basalt altar of Yredelemnul.
  8127 | D:6      | Killed Maggie
  8129 | Temple   | Entered the Ecumenical Temple
  8359 | Temple   | Became a worshipper of Vehumet
  9570 | D:7      | Reached skill level 10 in Conjurations
  9676 | D:7      | Reached * piety under Vehumet
  9676 | D:7      | Offered knowledge of Freeze by Vehumet.
  9743 | D:7      | Learned a level 1 spell: Freeze
  9921 | D:7      | Reached skill level 1 in Ice Magic
 10120 | D:7      | Found Desuben's Jewellery Shoppe.
 10280 | D:7      | Noticed Joseph
 10294 | D:7      | Killed Joseph
 10295 | D:7      | Reached XP level 10. HP: 28/71 MP: 13/23
 10562 | D:7      | Found a broken altar of Ashenzari.
 10570 | D:7      | Reached skill level 11 in Conjurations
 10575 | D:7      | Learned a level 3 spell: Static Discharge
 10596 | D:7      | Noticed a two-headed ogre
 10603 | D:7      | Killed a two-headed ogre
 10604 | D:7      | Reached skill level 1 in Staves
 10604 | D:7      | Reached skill level 1 in Air Magic
 10934 | D:7      | Found a runed translucent door.
 10935 | D:7      | Noticed Crazy Yiuf
 11144 | D:7      | Killed Crazy Yiuf
 11505 | D:8      | Found a flagged portal.
 11534 | Bailey   | Entered a bailey
 11602 | Bailey   | Offered knowledge of Foxfire by Vehumet.
 11611 | Bailey   | Reached ** piety under Vehumet
 12013 | Bailey   | Offered knowledge of Mephitic Cloud by Vehumet.
 12119 | Bailey   | Reached *** piety under Vehumet
 12211 | Bailey   | Noticed an orc warlord
 12211 | Bailey   | Noticed an orc knight
 12219 | Bailey   | Offered knowledge of Conjure Flame by Vehumet.
 12742 | D:8      | Found a transporter.
 12742 | D:8      | Found a transporter.
 12743 | D:8      | Noticed thiole's ghost (novice OpFi)
 12768 | D:8      | Found a white marble altar of Elyvilon.
 12820 | D:8      | Found an opulent altar of Gozag.
 12823 | D:8      | Noticed a two-headed ogre
 12832 | D:8      | Killed a two-headed ogre
 13069 | D:8      | Found a glowing golden altar of the Shining One.
 13238 | D:8      | Reached skill level 5 in Air Magic
 13309 | D:8      | Learned a level 4 spell: Airstrike
 13458 | D:8      | Noticed Grum
 13474 | D:8      | Killed Grum
 13475 | D:8      | Reached XP level 11. HP: 55/77 MP: 10/24
 13855 | D:9      | Reached skill level 10 in Spellcasting
 13907 | D:9      | Reached **** piety under Vehumet
 14049 | D:9      | Reached skill level 12 in Conjurations
 14078 | D:9      | Offered knowledge of Hailstorm by Vehumet.
 14084 | D:9      | Learned a level 4 spell: Hailstorm
 14203 | D:9      | Noticed Pikel
 14208 | D:9      | Killed Pikel
 14899 | D:9      | Noticed a lindwurm
 14900 | D:9      | Noticed a lindwurm
 14901 | D:9      | Noticed a lindwurm
 14906 | D:9      | Noticed a lindwurm
 15271 | D:7      | Bought the amulet "Caanadd" {Reflect rPois SH+5} for 535
                  | gold pieces
 15596 | D:9      | Killed a lindwurm
 16301 | D:9      | Killed a lindwurm
 16555 | D:9      | Killed a lindwurm
 16693 | D:9      | Killed a lindwurm
 16800 | D:9      | Identified the Grimoire of Mutagenic Feathers
 16847 | D:10     | Entered Level 10 of the Dungeon
 16857 | D:10     | Learned a level 5 spell: Irradiate
 16863 | D:10     | Learned a level 5 spell: Iskenderun's Battlesphere
 16875 | D:10     | Found a staircase to the Lair.
 17617 | D:10     | Reached skill level 1 in Transmutations
 17772 | D:10     | Noticed an orc knight
 17774 | D:10     | Noticed Erica
 17784 | D:10     | Killed Erica
 17784 | D:10     | Noticed Harold
 18075 | D:10     | Found Ucefa's Distillery.
 18107 | D:10     | Bought a potion of degeneration for 14 gold pieces
 18169 | D:10     | Killed an orc knight
 18172 | D:10     | Noticed an orc knight
 18606 | D:10     | Found a staircase to the Orcish Mines.
 18624 | D:10     | Reached ***** piety under Vehumet
 18626 | D:10     | Offered knowledge of Conjure Ball Lightning by Vehumet.
 18627 | D:10     | Reached XP level 12. HP: 37/83 MP: 14/27
 18653 | D:10     | Reached skill level 1 in Shields
 19491 | D:10     | Slain by an orc knight

Illustrated notes

Levels and vault maps discovered:
D:1:      sevenhm_arrival_forest_fort_small_4, layout_loops_ring,
          chequers_serial_rivers_micro_e
D:2:      layout_loops_corners
D:3:      layout_loops_corners, hangedman_glass_teeth,
          minmay_fractal_squares_gapless_5
D:4:      layout_basic, minmay_ruptured, uniq_edmund
D:5:      layout_loops_cross, grunt_temple_overflow_champion_of_chaos,
          general_overflow_altar, nicolae_overflow_hidden_temple,
          ebering_ghost_disaster_area, fedhas_altar_fruit_tree
D:6:      layout_layer_cave, yredelemnul_forgotten_temple_becter,
          minmay_temple_entry_mini_moons, uniq_prince_ribbit1, uniq_maggie,
          uniq_grinder
D:7:      layout_loops_corners, nicolae_overflow_crystal_walls, serial_shops,
          shop_statue, uniq_crazy_yiuf_cottage, uniq_joseph
D:8:      layout_loops_cross, nicolae_gozag_cash_rules_everything_around_me,
          lemuel_coloured_pillars_altar, kennysheep_mini_moat, enter_bailey_2,
          gammafunk_ghost_hive, uniq_grum
D:9:      layout_irregular_city, minmay_lindwurm_lava, uniq_pikel
D:10:     layout_stronghold, erik_lair_island, zombieorc2_lemuel, serial_shops,
          shop_coins, hangedman_decor_growths, sword_in_stone
Temple:   dshaligram_water_room_temple

Skill      XL: |  1  2  3  4  5  6  7  8  9 10 11 12 |
---------------+-------------------------------------+-----
Fighting       | 1 |  1.0
Spellcasting   | 3 4 6 7 9 11 | 11.5
Conjurations   | 5 6 7 9 10 11 12 | 12.0
Translocations | 1 2 |  2.0
Throwing       | 1 |  1.0
Ice Magic      | 2 3 |  3.0
Staves         | 4 |  4.0
Air Magic      | 5 9 |  9.5
Transmutations | 2 |  2.0
Shields        | 1 |  1.7
Dodging        | |  1.7
Stealth        | |  1.7

Action                   |  1- 3 |  4- 6 |  7- 9 | 10-12 || total
-------------------------+-------+-------+-------+-------++-------
Melee: Unarmed           |    52 |    18 |    28 |       ||    98
       Tailslap          |     2 |     1 |    14 |    12 ||    29
       Whip              |       |       |    55 |     5 ||    60
       Quarterstaff      |       |       |       |   124 ||   124
Throw: Javelin           |       |     5 |       |       ||     5
       Boomerang         |       |       |     2 |    12 ||    14
       Dart              |       |       |       |     4 ||     4
 Cast: Magic Dart        |    58 |    27 |    44 |    77 ||   206
       Searing Ray       |    13 |    33 |    76 |    92 ||   214
       Iskenderun's Myst |       |     3 |    24 |    65 ||    92
       Freeze            |       |       |     1 |     3 ||     4
       Static Discharge  |       |       |       |    32 ||    32
       Airstrike         |       |       |       |    25 ||    25
       Iskenderun's Batt |       |       |       |     7 ||     7
       Irradiate         |       |       |       |     1 ||     1
       Hailstorm         |       |       |       |     1 ||     1
Evoke: Wand              |       |       |       |     1 ||     1
  Use: Potion            |     2 |       |     4 |     6 ||    12
       Scroll            |       |     7 |    16 |    14 ||    37
Armor: Skin              |    24 |    15 |    63 |    91 ||   193
Dodge: Dodged            |    50 |    42 |   144 |   240 ||   476
Block: Other             |       |       |       |    25 ||    25
